 Dungeon Crawl Stone Soup version 0.29.0-4-gdea44cf6ec (webtiles) character file.

Game seed: 9053653939221322188

762 LynnLen the Sneak (level 7, -4/52 HPs)
             Began as a Spriggan Enchanter on Aug 26, 2022.
             Slain by a lemure (8 damage)
             ... led by Pikel
             ... on level 4 of the Dungeon on Aug 27, 2022.
             The game lasted 00:16:55 (5049 turns).

LynnLen the Sneak (Spriggan Enchanter)              Turns: 5049, Time: 00:16:55

Health: -4/52      AC:  2    Str:  1 (4)  XL:     7   Next: 51%
Magic:  10/15      EV: 17    Int: 17 (18) God:
Gold:   182        SH:  0    Dex: 14 (16) Spells: 2/16 levels left

rFire   . . .      SeeInvis +   r - +4 dagger
rCold   . . .      Faith    .   (no shield)
rNeg    . . .      Spirit   .   b - +0 robe
rPois   .          Reflect  .   (helmet restricted)
rElec   .          Harm     .   (no cloak)
rCorr   .          Rampage  .   (gloves unavailable)
Will    +....                   (boots unavailable)
Stlth   ..........              (no amulet)
HPRegen 0.17/turn               h - +4 ring of slaying
MPRegen 0.14/turn               k - ring of wizardry

@: berserking, very quick
A: very small, no large weapons, unfitting armour, see invisible, speed 3
a: no special abilities


You were on level 4 of the Dungeon.
You visited 1 branch of the dungeon, and saw 4 of its levels.

You collected 250 gold pieces.
You spent 68 gold pieces at shops.

Inventory:

Hand Weapons
 r - a +4 dagger (weapon)
Missiles
 f - 13 poisoned darts
 i - 48 stones
 w - a throwing net
Armour
 b - a +0 robe (worn)
Jewellery
 h - a +4 ring of slaying (left hand)
 k - a ring of wizardry (right hand)
 v - a ring of ice
Wands
 j - a wand of roots (9)
 u - a wand of light (9)
Scrolls
 c - a scroll of poison
 d - 2 scrolls of summoning {unknown}
 e - 3 scrolls of vulnerability
 g - a scroll of teleportation {unknown}
 l - a scroll of magic mapping {unknown}
 m - 2 scrolls of amnesia {unknown}
 s - a scroll of blinking {unknown}
Potions
 o - a potion of mutation
 p - a potion of lignification {unknown}
 q - 2 potions of might
 x - a potion of ambrosia {unknown}


   Skills:
 + Level 2.7 Fighting
 - Level 1.1 Short Blades
 - Level 2.6 Dodging
 + Level 7.2 Stealth
 + Level 5.0 Spellcasting
 + Level 0.7 Conjurations
 + Level 5.7 Hexes
 + Level 0.9 Summonings
 + Level 2.5 Ice Magic


You had 2 spell levels left.
You knew the following spells:

 Your Spells              Type           Power      Damage    Failure   Level
a - Ensorcelled Hibernat  Hex/Ice        36%        N/A       1%          2
b - Confusing Touch       Hex            23%        N/A       1%          3
c - Tukima's Dance        Hex            23%        N/A       1%          3
d - Dazzling Flash        Conj/Hex       30%        N/A       4%          3
e - Summon Guardian Gole  Hex/Summ       15%        N/A       4%          3

Your spell library contained the following spells:

 Spells                   Type           Power      Damage    Failure   Level
 Irradiate                Conj/Tmut      2%         3d12      77%         5
 Blade Hands              Tmut           2%         N/A       80%         5
 Dragon Form              Tmut           2%         N/A       100%        7
 Orb of Destruction       Conj           3%         9d5       100%        7
 Spellforged Servitor     Conj/Summ      3%         N/A       100%        7


Dungeon Overview and Level Annotations

Branches:
Dungeon (4/15)
 Temple: D:4-7

Altars:
Hepliaklqana

Shops:
D:1 [[*

Annotations:
D:4 Pikel


Innate Abilities, Weirdness & Mutations

You are very small and have problems with some larger weapons.
You are too small for most types of armour.
You have supernaturally acute eyesight. (SInv)
You cover ground extremely quickly. (Speed+++)


Message History

Ouch! That really hurt!
Pikel burns you.
Okay, then.
You feel better. Pikel misses you. The lemure hits you.
You feel better.
Pikel hits you with a +2 whip of flaming!
Pikel burns you. The lemure closely misses you.
A red film seems to cover your vision as you go berserk!
You feel yourself moving faster!
You feel mighty!
Pikel hits you with a +2 whip of flaming!
* * * LOW HITPOINT WARNING * * *
Pikel burns you.
* * * LOW HITPOINT WARNING * * *
The lemure completely misses you.
You closely miss Pikel. You hit Pikel.
Pikel is lightly wounded.
Pikel misses you. The lemure barely misses you.
You puncture Pikel!
Pikel is moderately wounded.
Pikel misses you. The lemure misses you.
You barely miss Pikel.
Pikel is moderately wounded.
You puncture Pikel!
Pikel is severely wounded.
Pikel completely misses you. The lemure misses you.
You hit Pikel.
Pikel is severely wounded.
Unknown command.
You barely miss Pikel.
Pikel is severely wounded.
Pikel hits you with a +2 whip of flaming.
* * * LOW HITPOINT WARNING * * *
Pikel burns you.
* * * LOW HITPOINT WARNING * * *
The lemure closely misses you.
You miss Pikel.
Pikel is severely wounded.
Pikel completely misses you. The lemure hits you!
You die...

##.##
#...###.......#
#.## #..#
##......# .##
... #......# ##
.# ###....#
##..## #..##
##...###
#.###..#...#
#...K@...#..#
##.#5....##..#
.. ####### ##.
##


You could see Pikel (strong) and a lemure.

Vanquished Creatures
  Grinder (D:3)
  Sigmund (D:2)
  Menkaure (D:4)
  A lemure (D:4)
  A gnoll sergeant (D:4)
  A scorpion (D:3)
  Terence (D:2)
  3 adders
  4 gnolls (D:4)
  An ufetubus (D:4)
  3 worms
  2 dart slugs (D:2)
  4 orcs
  3 endoplasms
  2 goblins
  5 hobgoblins
  3 jackals (D:3)
  4 quokkas
  4 ball pythons
  A bat (D:2)
  4 kobolds
  4 rats
54 creatures vanquished.

Vanquished Creatures (others)
  2 dancing weapons (D:4)
  4 plants (D:1)
6 creatures vanquished.

Grand Total: 60 creatures vanquished

Notes
Turn   | Place    | Note
-------+----------+-------------------------------------------
     0 | D:1      | LynnLen the Spriggan Enchanter began the quest for the Orb.
     0 | D:1      | Reached XP level 1. HP: 9/9 MP: 5/5
    26 | D:1      | Found Rit Hui's Assorted Antiques.
   183 | D:1      | Found a faded altar of an unknown god.
   219 | D:1      | Bought a scroll labelled CIDEUN QOSUEL for 18 gold pieces
   219 | D:1      | Bought a scroll labelled CIDEUN QOSUEL for 18 gold pieces
   229 | D:1      | Found Zososh's Antique Armour Shop.
   801 | D:1      | Found Heukim's Antique Armour Boutique.
  1357 | D:1      | Reached XP level 2. HP: 13/14 MP: 6/6
  1361 | D:1      | Learned a level 2 spell: Ensorcelled Hibernation
  2400 | D:2      | Noticed Sigmund
  2413 | D:2      | Killed Sigmund
  2414 | D:2      | Reached skill level 1 in Fighting
  2414 | D:2      | Reached skill level 5 in Stealth
  2414 | D:2      | Reached skill level 1 in Ice Magic
  2414 | D:2      | Reached XP level 3. HP: 14/18 MP: 1/9
  2414 | D:2      | Reached XP level 4. HP: 18/23 MP: 1/11
  2414 | D:2      | Reached XP level 5. HP: 21/26 MP: 1/12
  2420 | D:2      | Learned a level 3 spell: Confusing Touch
  2424 | D:2      | Learned a level 3 spell: Tukima's Dance
  2428 | D:2      | Learned a level 3 spell: Dazzling Flash
  2875 | D:2      | Noticed Terence
  2902 | D:2      | Killed Terence
  2903 | D:2      | Reached skill level 6 in Stealth
  3093 | D:3      | Noticed Grinder
  3106 | D:3      | Killed Grinder
  3107 | D:3      | Reached skill level 5 in Hexes
  3107 | D:3      | Reached XP level 6. HP: 30/30 MP: 10/13
  3186 | D:1      | Bought 2 glowing yellow potions for 32 gold pieces
  3642 | D:3      | Reached XP level 7. HP: 29/35 MP: 10/15
  3646 | D:3      | Learned a level 3 spell: Summon Guardian Golem
  3887 | D:3      | Found a hazy altar of Hepliaklqana.
  4474 | D:4      | Reached skill level 7 in Stealth
  4938 | D:4      | Noticed Pikel
  4939 | D:4      | Noticed Menkaure
  4969 | D:4      | Killed Menkaure
  4970 | D:4      | Reached skill level 5 in Spellcasting
  5049 | D:4      | Slain by a lemure

Illustrated notes

Levels and vault maps discovered:
D:1:      saegor_arrival_fortress, layout_basic, basic_ecumenical_altar,
          serial_forest, infiniplex_forest_end_2, infiniplex_forest_clump_C,
          infiniplex_forest_clump_medium, infiniplex_forest_end_3,
          infiniplex_forest_clump_cross, serial_shops, nicolae_shop_crystal,
          shop, nicolae_shop_stone, nicolae_concentric_dashed_squares_wild,
          chequers_hall_statues_y, minmay_surrounded
D:2:      layout_basic, minmay_tetromino_o2, uniq_terence, uniq_sigmund
D:3:      layout_loops_ring, nicolae_overflow_hidden_temple, uniq_grinder
D:4:      layout_cave_pods, nemelex_dance_club_becter, amethyst_killhole,
          uniq_pikel, uniq_menkaure

Skill      XL: |  1  2  3  4  5  6  7 |
---------------+----------------------+-----
Spellcasting   | 4 5 |  5.0
Hexes          | 4 5 |  5.7
Fighting       | 1 2 |  2.7
Stealth        | 5 6 7 |  7.2
Ice Magic      | 1 2 |  2.5
Short Blades   | |  1.1
Dodging        | |  2.6
Conjurations   | |  0.7
Summonings     | |  0.9

Action                   |  1- 3 |  4- 6 |  7- 9 || total
-------------------------+-------+-------+-------++-------
Melee: Dagger            |    53 |    33 |    80 ||   166
       Punch             |     1 |       |     1 ||     2
Throw: Dart              |     3 |       |       ||     3
 Cast: Ensorcelled Hiber |     8 |    13 |     5 ||    26
       Confusing Touch   |       |     2 |     8 ||    10
       Tukima's Dance    |       |       |     2 ||     2
  Use: Potion            |     2 |       |     7 ||     9
       Scroll            |     4 |     1 |     2 ||     7
 Stab: Sleeping          |     8 |     8 |     5 ||    21
       Invisible         |     2 |       |       ||     2
       Confused          |       |     2 |     3 ||     5
Armor: Robe              |     3 |       |     4 ||     7
Dodge: Dodged            |    39 |    22 |    51 ||   112
